 Dungeon Crawl Stone Soup version 0.29-a0-857-g9b1aa3ac5b (webtiles) character file.

Game seed: 470124022064151719

25 nxtlvl the Cutter (level 2, -6/18 HPs)
             Began as a Deep Elf Monk on July 16, 2022.
             Killed by nerve-wracking pain
             ... invoked by a shadow imp
              (9 damage)
             ... on level 4 of the Dungeon.
             The game lasted 00:04:36 (648 turns).

nxtlvl the Cutter (Deep Elf Monk)                    Turns: 648, Time: 00:04:37

Health: -6/18      AC:  4    Str:  8    XL:     2   Next: 86%
Magic:  4/4        EV: 17    Int: 14    God:
Gold:   94         SH:  0    Dex: 17    Spells: 1/1 levels left

rFire   . . .      SeeInvis .   a - +0 short sword
rCold   + . .      Faith    .   j - orb {*channel}
rNeg    . . .      Spirit   .   n - +0 leather armour
rPois   .          Reflect  .   (no helmet)
rElec   .          Harm     .   (no cloak)
rCorr   .          Rampage  .   k - +0 pair of gloves
Will    .....                   (no boots)
Stlth   ++........              b - amulet of regeneration
HPRegen 0.86/turn               f - +4 ring of evasion
MPRegen 0.09/turn               o - ring of protection from cold

@: no status effects
A: no striking features
a: no special abilities


You were on level 4 of the Dungeon.
You visited 1 branch of the dungeon, and saw 4 of its levels.

You collected 94 gold pieces.

Inventory:

Hand Weapons
 a - a +0 short sword (weapon)
Missiles
 d - 7 poisoned darts (quivered)
 m - 7 stones
Armour
 j - an orb of energy (worn)
 k - a +0 pair of gloves (worn)
 n - a +0 leather armour (worn)
Magical Staves
 i - a staff of earth
Jewellery
 b - an amulet of regeneration (around neck)
 f - a +4 ring of evasion (left hand)
 o - a ring of protection from cold (right hand)
Scrolls
 g - 2 scrolls of immolation {unknown}
 h - 2 scrolls of identify {unknown}
Potions
 c - a potion of ambrosia
 e - a potion of flight {unknown}
 l - a potion of degeneration {unknown}


   Skills:
 - Level 2.4 Fighting
 * Level 4.1 Short Blades
 - Level 3.6 Dodging
 - Level 2.4 Stealth


You had one spell level left.
You didn't know any spells.
Your spell library contained the following spells:

 Spells                   Type           Power      Damage    Failure   Level
 Sting                    Tmut/Pois      0%         1d3       38%         1
 Poisonous Vapours        Pois/Air       0%         N/A       54%         2
 Olgreb's Toxic Radiance  Pois           0%         N/A       99%         4


Dungeon Overview and Level Annotations

Branches:
Dungeon (4/15)
 Temple: D:4-7

Altars:


Message History

You barely miss the shadow imp.
The shadow imp is heavily wounded.
The shadow imp completely misses you.
You hit the shadow imp.
The shadow imp is severely wounded.
The shadow imp shouts, "Tremble, thou fulsome milk-livered bounder!"
The shadow imp hits you.
You hit the shadow imp but do no damage.
The shadow imp is severely wounded.
You hit the shadow imp but do no damage.
The shadow imp is severely wounded.
The shadow imp gestures at you.
You barely resist.
You hit the shadow imp but do no damage.
The shadow imp is severely wounded.
The shadow imp barely misses you.
You hit the shadow imp.
The shadow imp is almost dead.
The shadow imp hits you.
You barely miss the shadow imp.
The shadow imp is almost dead.
The shadow imp closely misses you.
You closely miss the shadow imp.
The shadow imp is almost dead.
The shadow imp hits you but does no damage.
You barely miss the shadow imp.
The shadow imp is almost dead.
The shadow imp gestures at you. Pain shoots through your body!
Ouch! That really hurt!
* * * LOW HITPOINT WARNING * * *
You barely miss the shadow imp.
The shadow imp is almost dead.
The shadow imp misses you.
You hit the shadow imp but do no damage.
The shadow imp is almost dead.
The shadow imp gestures at you. Pain shoots through your body!
Ouch! That really hurt!
You die...

## #. ####. #... ##..
#.5# #.@# #.# #..# ##.#
##..# #..# ######...#
#..# ###.......## ##..#
##..#......####...##
#.#####<...........######
###
#..........>).......##
#.#...........##.....#


You could see a shadow imp.

Vanquished Creatures
  2 adders (D:4)
  3 goblins
  A kobold (D:4)
  A ball python (D:3)
  A bat (D:1)
8 creatures vanquished.

Notes
Turn   | Place    | Note
-------+----------+-------------------------------------------
     0 | D:1      | nxtlvl the Deep Elf Monk began the quest for the Orb.
     0 | D:1      | Reached XP level 1. HP: 13/13 MP: 3/3
   353 | D:4      | Reached XP level 2. HP: 18/18 MP: 4/4
   423 | D:4      | Reached skill level 4 in Short Blades
   648 | D:4      | Killed from afar by a shadow imp

Illustrated notes

Levels and vault maps discovered:
D:1:      lemuel_arrival_rhombus, layout_basic, shapermc_ecumenical_altar_ellora
D:2:      minmay_door_path, layout_rooms
D:3:      layout_basic, minmay_statues_item, nicolae_titane, uniq_natasha
D:4:      layout_layer_cave, grunt_dithmenos_smoke_and_mirrors,
          kennysheep_generic_room_9

Skill      XL: |  1  2 |
---------------+-------+-----
Short Blades   | 4 |  4.1
Fighting       | |  2.4
Dodging        | |  3.6
Stealth        | |  2.4

Action                   || total
-------------------------++-------
Melee: Short sword       ||    53
Throw: Dart              ||    11
  Use: Potion            ||     1
Armor: Robe              ||     9
       Leather armour    ||     1
Dodge: Dodged            ||    40

Table legend: (Time is in decaauts)
 A = Elapsed time spent in this place.
 B = Non-inter-level travel time spent in this place.
 C = Inter-level travel time spent in this place.
 D = Time resting spent in this place.
 E = Time spent auto-exploring this place.
 F = Levels seen in this place.
 G = Mean time per level.
                   A        B        C        D        E       F      G
               +--------+--------+--------+--------+--------+-----+--------+
         Total |    642 |    630 |     12 |      0 |     49 |   4 |  160.5 |
       Dungeon |    642 |    630 |     12 |      0 |     49 |   4 |  160.5 |
               +--------+--------+--------+--------+--------+-----+--------+

Top non-repeatable levels by time:
     D:4: 298 daAuts
     D:1: 162 daAuts
     D:3: 136 daAuts
     D:2: 44 daAuts
